 Dungeon Crawl Stone Soup version 0.31-a0-803-g95b03c3367 (webtiles) character file.

Game seed: 15016642772738295418

91 Maratek the Ruffian (level 4, -7/40 HPs)
             Began as a Ghoul Fighter on Sept 21, 2023.
             Killed from afar by Natasha (8 damage)
             ... with a magic dart
             ... on level 2 of the Dungeon.
             The game lasted 00:02:11 (1776 turns).

Maratek the Ruffian (Ghoul Fighter)                 Turns: 1776, Time: 00:02:12

Health: -7/40      AC: 11    Str: 21    XL:     4   Next: 59%
Magic:  3/3        EV:  5    Int:  3    God:
Gold:   124        SH:  4    Dex:  8    Spells: 3/3 levels left

rFire   . .          .
                       - Unarmed
rCold   + . .        b - +0 buckler
rNeg    + + +        k - +0 plate armour
rPois   ∞            (no helmet)
rElec   .            (no cloak)
rCorr   .            (no gloves)
SInv    .            (no boots)
Will    .....        (no amulet) Stlth
                     (no ring)
HPRegen 0.00/turn    (no ring)
MPRegen 0.08/turn

%: no passive effects
@: inhibited regen
A: claws 1, cold resistance 1, negative energy resistance 3, inhibited
regeneration, torment resistance 2, devour on kill
a: no special abilities


You were on level 2 of the Dungeon.
You visited 1 branch of the dungeon, and saw 2 of its levels.

You collected 124 gold pieces.

Inventory:

Armour
 b - a +0 buckler (worn)
 k - a +0 plate armour (worn)
Wands
 m - a wand of light (7)
Scrolls
 d - a scroll of identify {unknown}
 e - a scroll of acquirement {unknown}
 f - a scroll of revelation {unknown}
 h - a scroll of butterflies {unknown}
 j - a scroll of enchant weapon {unknown}
 n - a scroll of vulnerability {unknown}
 o - a scroll of enchant armour {unknown}
Potions
 a - 2 potions of brilliance {unknown}
 c - a potion of might
 g - 2 potions of heal wounds {unknown}
 i - a potion of degeneration {unknown}
 l - 2 potions of attraction {unknown}


   Skills:
 + Level 3.7 Fighting
 + Level 3.3 Armour
 + Level 0.2 Dodging
 + Level 2.9 Shields
 + Level 3.8 Unarmed Combat


You had 3 spell levels left.
You didn't know any spells.
Your spell library was empty.

Dungeon Overview and Level Annotations

Branches:
Dungeon (2/15)

Altars:
Cheibriados

Annotations:
D:2 Natasha


Innate Abilities, Weirdness & Mutations

You are immune to poison.
You have sharp fingernails.
Your flesh is cold resistant. (rC+)
You are immune to negative energy. (rN+++)
You do not regenerate when monsters are visible.
You are immune to unholy pain and torment.
You thrive by killing the living.


Message History

The cerulean imp hits you but does no damage.
You barely miss Natasha.
Natasha is moderately wounded.
Natasha claws you but does no damage.
The cerulean imp hits you with a +1 spear.
You closely miss Natasha.
Natasha is moderately wounded.
Natasha claws you. You block the cerulean imp's attack.
You scratch Natasha.
Natasha is moderately wounded.
Natasha mewls in sadness.
Natasha barely misses you.
The cerulean imp hits you but does no damage.
You scratch Natasha but do no damage.
Natasha is moderately wounded.
Natasha claws you.
The cerulean imp hits you with a +1 spear.
You closely miss Natasha.
Natasha is moderately wounded.
Natasha claws you but does no damage.
The cerulean imp hits you with a +1 spear.
* * * LOW HITPOINT WARNING * * *
You scratch Natasha but do no damage.
Natasha is moderately wounded.
Natasha wildly gestures.
Natasha glows brightly for a moment.
Natasha claws you!
* * * LOW HITPOINT WARNING * * *
The cerulean imp hits you but does no damage.
You scratch Natasha.
Natasha is heavily wounded.
Natasha claws you.
* * * LOW HITPOINT WARNING * * *
The cerulean imp hits you but does no damage.
You scratch Natasha.
Natasha is severely wounded.
Natasha casts a spell at you. The magic dart hits you!
You die...
Natasha curls up and begins to purr.

#..# #.##...#.#.# ##.### ##.#
#..........# #.# #.# ####.#######
#.# ###.## #.# ##'## #....# #.#
##...## #....# #.### ##.....# #
##.#..# #.#[## ##.......
####.....########5...####........
'...............@h......+........
####...#.#########...####........
# ##..#.# ##)## ##....... #....#
##.#######...... ##.### #......#
##....# #.# #..###.# ##+#.# ###
#.# #..# ###.#.# ..# #.# #..#
#...... #.# #.# #.## #.#.#.#


You could see Natasha and a cerulean imp (summoned).

Vanquished Creatures
  Natasha (D:2)
  An adder (D:2)
  A worm (D:2)
  A dart slug (D:1)
  3 ball pythons
  5 endoplasms
  4 giant cockroaches
  3 goblins
  3 hobgoblins (D:2)
  5 jackals (D:1)
  3 quokkas
  A bat (D:1)
  5 frilled lizards
  7 kobolds
  6 rats
49 creatures vanquished.

Notes
Turn   | Place    | Note
-------+----------+-------------------------------------------
     0 | D:1      | Maratek the Ghoul Fighter began the quest for the Orb.
     0 | D:1      | Reached XP level 1. HP: 19/19 MP: 0/0
   168 | D:1      | Reached XP level 2. HP: 25/26 MP: 1/1
   535 | D:1      | Reached XP level 3. HP: 32/33 MP: 2/2
   641 | D:1      | Found a faded altar of an unknown god.
   937 | D:2      | Found a snail-covered altar of Cheibriados.
  1321 | D:2      | Noticed Natasha
  1331 | D:2      | Killed Natasha
  1332 | D:2      | Reached XP level 4. HP: 38/40 MP: 3/3
  1754 | D:2      | Noticed Natasha
  1775 | D:2      | HP: 1/40 [Natasha (2)]
  1776 | D:2      | Killed from afar by Natasha

Illustrated notes

Levels and vault maps discovered:
D:1:      onia_arrival_mini_maze, layout_loops_ring,
          dreamdust_ecumenical_altar_angels_and_demons
D:2:      layout_loops_corners, basic_altar, uniq_natasha

Skill      XL: |  1  2  3 |
---------------+----------+-----
Armour         | 3 |  3.3
Unarmed Combat | 3 |  3.8
Fighting       | |  3.7
Dodging        | |  0.2
Shields        | |  2.9

Action                     |  1- 3 |  4- 6 || total
---------------------------+-------+-------++-------
  Melee: Unarmed           |   129 |    55 ||   184
 Armour: Scale mail        |    76 |       ||    76
         Plate armour      |     6 |    48 ||    54
  Dodge: Dodged            |    57 |    15 ||    72
  Block: Buckler           |    17 |     3 ||    20

Table legend: (Time is in decaauts)
 A = Elapsed time spent in this place.
 B = Non-inter-level travel time spent in this place.
 C = Inter-level travel time spent in this place.
 D = Time resting spent in this place.
 E = Time spent auto-exploring this place.
 F = Levels seen in this place.
 G = Mean time per level.
                   A        B        C        D        E       F      G
               +--------+--------+--------+--------+--------+-----+--------+
         Total |   1770 |   1722 |     48 |      0 |   1398 |   2 |  885.0 |
       Dungeon |   1770 |   1722 |     48 |      0 |   1398 |   2 |  885.0 |
               +--------+--------+--------+--------+--------+-----+--------+

Top non-repeatable levels by time:
     D:1: 888 daAuts
     D:2: 882 daAuts
